Map: Lost and Found LE

Players

axu - Winner!

  • Race: Protoss Protoss
  • Spawn Location: 7:00

Skyy

  • Race: Zerg Zerg
  • Spawn Location: 1:00

VOD

Have the link to the VOD?

Description

Time

  • Played on: May 21, 2018, 6:37 a.m.
  • Length: 14:18
Show
View Real Time Build Order
Export as new Build Order

axu Protoss - Winner!

Build Orders: 1 Gate Expand 

Get SALT Encoding   

  12  0:01  Probe  
  13  0:13  Probe  
  14  0:21  Pylon  
  14  0:25  Probe  
  15  0:37  Assimilator  
  15  0:39  Probe  
  16  0:49  Probe  
  16  0:52  Gateway  
  17  0:57  Probe  
  18  1:06  Probe  
  19  1:18  Probe  
  20  1:31  Nexus  
  20  1:56  Cybernetics Core  
  20  2:01  Assimilator  
  20  2:03  Pylon  
  20  2:11  Probe  
  21  2:23  Probe  
  22  2:35  Probe  
  22  2:36  Twilight Council  
  23  2:39  Warp Gate  
  23  2:40  Adept  
  25  2:44  Probe  
  25  2:47  Probe  
  27  2:56  Probe  
  28  2:59  Probe  
  28  3:04  Gateway  
  29  3:07  Adept  
  31  3:14  Resonating Glaives  
  31  3:15  Probe x2  
  33  3:27  Probe x2  
  35  3:40  Stargate  
  35  3:44  Robotics Facility  
  35  3:46  Probe x2  
  37  3:58  Probe  
  37  3:59  Probe  
  38  4:03  Adept x2  
  42  4:11  Probe x2  
  42  4:12  Shield Battery  
  42  4:14  Assimilator  
  42  4:15  Shield Battery  
  42  4:16  Assimilator  
  44  4:23  Probe x2  
  46  4:26  Pylon  
  46  4:31  Pylon  
  46  4:51  Adept x2  
  50  4:53  Probe x2  
  52  5:02  Oracle  
  52  5:04  Observer  
  52  5:05  Probe  
  52  5:06  Probe  
  58  5:17  Immortal  
  58  5:18  Probe  
  55  5:39  Pylon x2  
  55  5:40  Stalker  
  55  5:41  Stalker  
  59  5:48  Immortal  
  59  5:49  Gateway  
  59  5:50  Gateway  
  59  5:55  Pylon  
  63  5:59  Probe  
  63  6:00  Probe  
  61  6:17  Stalker x2  
  59  6:39  Adept  
  59  6:45  Immortal  
  55  6:58  Adept x2  
  55  6:59  Adept  
  65  7:02  Oracle  
  68  7:24  Nexus  
  68  7:27  Pylon  
  68  7:29  Immortal, Pylon  
  74  7:33  Pylon  
  74  7:35  Gateway x2  
  74  7:36  Gateway  
  72  8:02  Adept x4  
  80  8:20  Shield Battery  
  80  8:21  Shield Battery  
  80  8:24  Shield Battery  
  80  8:30  Gateway  
  80  8:31  Gateway  
  80  8:32  Gateway  
  80  8:35  Pylon  
  80  8:38  Pylon  
  80  8:40  Pylon  
  80  8:48  Charge  
  77  8:59  Immortal  
  77  9:01  Zealot x2  
  85  9:11  Forge  
  85  9:12  Probe x3  
  85  9:13  Forge  
  88  9:24  Probe x3  
  88  9:25  Sentry  
  88  9:26  Sentry x2  
  88  9:27  Zealot x4  
  105  9:36  Probe  
  106  9:58  Immortal  
  110  10:00  Zealot x2  
  110  10:01  Zealot x4  
  110  10:05  Protoss Ground Armor Level 1, Protoss Ground Weapons Level 1  
  122  10:09  Probe x3  
  126  10:21  Probe x3  
  126  10:24  Assimilator  
  128  10:28  Assimilator  
  128  10:32  Templar Archives  
  128  10:37  Pylon  
  128  10:39  Pylon  
  128  10:42  Pylon  
  115  10:57  Zealot x4  
  115  10:58  Zealot  
  115  10:59  Zealot x4  
  119  11:14  Pylon  
  119  11:15  Pylon  
  119  11:18  Pylon  
  115  11:28  High Templar x3  
  115  11:29  High Templar x5  
  115  11:30  High Templar x2  
  135  11:34  Psionic Storm  
  135  11:38  Archon x4  
  135  11:40  Archon  
  135  11:47  Warp Prism  
  137  11:55  Probe x3  
  140  12:07  Probe x3  
  143  12:08  Nexus  
  143  12:09  Pylon  
  143  12:11  Pylon  
  143  12:13  Pylon  
  142  12:19  Probe  
  121  12:49  High Templar  
  121  12:50  High Templar x6  
  121  12:51  High Templar x3  
  137  13:00  Archon x3  
  137  13:12  Immortal  
  139  13:28  Probe  
  139  13:29  Probe  
  139  13:30  Probe x2  
  143  13:37  Assimilator  
  143  13:40  Zealot x4, Assimilator, Probe  
  143  13:41  Zealot x5  
  156  13:42  Zealot  
  156  13:43  Shield Battery  
  156  13:46  Shield Battery  
  160  13:51  Observer  
Show
View Real Time Build Order
Export as new Build Order

Skyy Zerg 

Build Orders: Hatch First, Ravager All-In 

Get SALT Encoding   

  12  0:01  Drone  
  13  0:12  Overlord  
  13  0:16  Drone  
  14  0:31  Drone x2  
  16  0:52  Hatchery  
  16  0:54  Drone  
  16  0:58  Drone  
  16  1:00  Drone  
  18  1:17  Spawning Pool  
  17  1:20  Extractor  
  17  1:21  Drone  
  17  1:26  Drone  
  17  1:30  Drone  
  19  1:49  Drone  
  20  1:58  Overlord  
  20  2:13  Zergling x2  
  21  2:16  Queen x2  
  21  2:18  Zergling x2  
  21  2:19  Drone  
  21  2:20  Drone  
  28  2:31  Extractor  
  27  2:37  Roach Warren  
  26  2:49  Drone  
  26  2:50  Drone x5  
  32  3:07  Metabolic Boost  
  31  3:35  Baneling Nest  
  32  3:43  Overlord x2  
  32  3:44  Overlord  
  32  3:46  Overlord  
  32  3:48  Drone  
  31  3:49  Drone x2  
  31  3:51  Drone x2  
  31  3:52  Extractor  
  34  4:18  Roach x4  
  34  4:19  Roach  
  44  4:34  Hatchery  
  44  4:36  Roach  
  44  4:37  Roach  
  44  4:38  Zergling x2  
  48  4:40  Overlord  
  48  4:45  Ravager x5  
  53  4:54  Roach x2  
  53  4:55  Roach x2, Zergling x4  
  63  5:03  Lair  
  57  5:21  Drone  
  57  5:22  Drone x5  
  62  5:44  Baneling x2  
  62  5:45  Baneling x3  
  62  5:48  Zergling x2  
  63  5:55  Drone x3  
  37  6:49  Drone  
  37  6:50  Drone x13  
  48  6:59  Hydralisk Den  
  47  7:03  Evolution Chamber  
  47  7:06  Evolution Chamber  
  45  7:21  Extractor  
  44  7:33  Spore Crawler  
  44  7:35  Spore Crawler  
  42  7:37  Zerg Ground Armor Level 1, Zerg Missile Weapons Level 1  
  42  7:39  Hydralisk x8  
  42  7:42  Roach x3  
  64  8:04  Grooved Spines  
  64  8:08  Zergling x6  
  64  8:10  Roach  
  64  8:11  Overlord x2, Roach  
  71  8:13  Hydralisk  
  71  8:14  Hydralisk  
  75  8:24  Drone  
  75  8:25  Drone x4  
  74  9:05  Hydralisk x2  
  74  9:07  Roach x2  
  74  9:08  Zergling x6  
  85  9:10  Drone  
  85  9:11  Drone x2  
  85  9:12  Drone x2  
  85  9:13  Overlord x3  
  85  9:16  Muscular Augments  
  90  9:19  Spore Crawler  
  89  9:34  Roach, Hydralisk x3  
  89  9:35  Roach x2  
  89  9:36  Hydralisk x2  
  105  9:52  Overseer  
  105  9:54  Pneumatized Carapace  
  105  10:00  Zerg Ground Armor Level 2  
  105  10:01  Zerg Missile Weapons Level 2  
  102  10:21  Zergling x6  
  102  10:22  Hydralisk, Zergling x10  
  102  10:23  Hydralisk x3  
  102  10:25  Zergling x2  
  118  10:32  Glial Reconstitution  
  60  11:08  Hydralisk  
  60  11:11  Hydralisk x3  
  55  11:20  Hydralisk x2  
  55  11:21  Hydralisk x5  
  67  11:36  Hydralisk x4  
  67  11:38  Zergling x2  
  67  11:39  Zergling x2  
  77  11:55  Hydralisk  
  77  11:56  Hydralisk x3  
  77  11:59  Drone x2  
  69  12:31  Hydralisk  
  69  12:32  Hydralisk x2  
  69  12:33  Hydralisk x5  
  80  12:54  Hydralisk x2  
  80  12:55  Hydralisk x3  
  90  13:01  Hatchery  
  89  13:25  Zergling x2  
  89  13:26  Zergling x12  
  96  13:35  Zergling x2  
Tags
 
Add a new tag
Caveats
  • Supply blocks, unpowered buildings, or Contaminate may cause inaccurate times.
  • Supply counts are checked every 10 seconds.